 Dungeon Crawl Stone Soup version 0.16.1-51-g6203257 (webtiles) character file.

3491 poirepourri the Nimble (level 9, -2/123 HPs)
             Began as a Mottled Draconian Berserker on Aug 10, 2015.
             Was a High Priest of Trog.
             Slain by a troll (12 damage)
             ... on level 10 of the Dungeon.
             The game lasted 00:23:49 (8590 turns).

poirepourri the Nimble (DrBe)                       Turns: 8590, Time: 00:23:49

Health: -2/123     AC: 11    Str: 27    XL:     9   Next: 80%
Magic:  9/9        EV: 16    Int:  8    God:    Trog [*****.]
Gold:   404        SH:  0    Dex: 11    Spells: 0 memorised, 8 levels left

rFire  . . .     SeeInvis .     y - +2 war axe (chop)
rCold  . . .     Clarity  .     (armour unavailable)
rNeg   . . .     SustAb   .     (no shield)
rPois  .         Gourm    .     (helmet restricted)
rElec  .         Spirit   .     w - +0 cloak (curse)
rCorr  .         Warding  .     o - +2 pair of gloves
rMut   .         Stasis   .     (no boots)
MR     .....                    t - amulet of regeneration
Stlth  ..........               (no ring)
                                e - ring of flight

@: berserking, about to teleport, very quick, not resistant to hostile
enchantments, extremely unstealthy
A: breathe sticky flames, unfitting armour, cold-blooded, AC +7
a: Breathe Sticky Flame, Burn Spellbooks, Berserk, Trog's Hand, Brothers in
Arms, Renounce Religion, Evoke Flight


You were on level 10 of the Dungeon.
You worshipped Trog.
Trog was extremely pleased with you.
You were not hungry.

You visited 1 branch of the dungeon, and saw 10 of its levels.
You also visited: Sewer.

You collected 572 gold pieces.
You spent 168 gold pieces at shops.

Inventory:

Hand weapons
 a - a +1 hand axe
 y - a +2 war axe of chopping (weapon)
 J - a +4 demon trident of venom
Armour
 g - a +0 robe
 o - a +2 pair of gloves (worn)
 w - a cursed +0 cloak (worn)
Jewellery
 e - a ring of flight (left hand)
 t - an amulet of regeneration (around neck)
Magical devices
 f - a wand of slowing (31)
 m - a wand of digging (13)
 r - a wand of fireball (9)
 x - a wand of magic darts (48)
Scrolls
 j - 2 scrolls of magic mapping
 l - 3 scrolls of fear
 u - 2 scrolls of identify
 v - a scroll of teleportation
 F - 3 scrolls of remove curse
Potions
 d - 3 potions of agility
 n - 2 potions of brilliance
 q - 6 potions of curing
 s - a potion of haste
 z - a potion of restore abilities
 A - a potion of resistance
 B - 2 potions of cure mutation
 D - a potion of flight
Miscellaneous
 I - a disc of storms
Comestibles
 b - 6 fruits
 c - 4 bread rations
 h - a meat ration
 i - 4 beef jerkies
 k - 10 slices of pizza


   Skills:
 * Level 8.4 Fighting
 + Level 6.7 Axes
 - Level 0.6(4.2) Polearms
 + Level 9.6 Dodging
 + Level 2.9 Stealth


You had 8 spell levels left.
You didn't know any spells.

Dungeon Overview and Level Annotations

Branches:
Dungeon (10/15)            Temple (0/1) D:6
   Lair: D:8-11         Orc: D:9-12

Altars:
Cheibriados
Makhleb
Nemelex Xobeh
Ru
Sif Muna
Yredelemnul
Zin
The Shining One

Shops:
D:4 %


Innate Abilities, Weirdness & Mutations

You can spit globs of burning liquid.
You can ignite nearby creatures when you spit burning liquid.
Your weird mottled scales are hard (AC +7).
Your body does not fit into most forms of armour.
Your cold-blooded metabolism reacts poorly to cold.


Message History

You feel much better. The troll barely misses you.
The troll completely misses you. The troll misses you.
Read which item? (? for menu, Esc to quit)
As you read the scroll of teleportation, it crumbles to dust.
You feel strangely unstable. The troll closely misses you. The troll claws you!
The troll claws you!
* * * LOW HITPOINT WARNING * * *
Use which ability? (? or * to list)
A red film seems to cover your vision as you go berserk!
You feel yourself moving faster!
You feel mighty!
You feel somewhat more hungry. The troll bites you!
* * * LOW HITPOINT WARNING * * *
The troll misses you. The troll claws you.
* * * LOW HITPOINT WARNING * * *
You slash the troll!
The troll is moderately wounded.
The troll bites you.
* * * LOW HITPOINT WARNING * * *
The troll claws you!
You die...

#............
#..........##
#...........##
#............##
#.......#.)).#
##......##..))##
##...#...###..)<##
#...##...# #...)..
#@.####..# ##.....
#)T## #..# #.....
.....# #.## #.....
.......# #.#
#..... ..#......
... ......
........ ...
....... .......
......# ....###
.## #


You could see a troll.

Vanquished Creatures
  Psyche (D:8)
  A water moccasin (D:8)
  A sky beast (D:7)
  An orc warrior (D:8)
  A black bear (D:9)
  2 ogres (D:7)
  A phantom (D:9)
  A crocodile (D:8)
  An ice beast (D:9)
  Sigmund (D:2)
  3 centaurs
  6 big kobolds
  2 giant frogs (D:7)
  A scorpion (D:8)
  2 crimson imps
  4 hounds
  4 orc wizards
  3 orc priests
  4 worker ants
  Natasha (thrice) (D:6)
  3 iguanas
  A killer bee zombie (D:9)
  Terence (D:2)
  A worker ant zombie (D:2)
  5 gnolls
  8 adders
  3 giant mites
  2 shadow imps
  A worm (D:2)
  2 adder skeletons
  An adder zombie (D:2)
  An ooze (D:2)
  34 orcs
  4 ball pythons
  8 goblins
  16 hobgoblins
  6 jackals
  29 kobolds
  8 quokkas
  A ball python skeleton (D:4)
  16 bats
  9 giant cockroaches
  2 giant geckos
  4 giant newts
  A quokka zombie (D:2)
  9 rats
  A butterfly (D:1)
220 creatures vanquished.

Vanquished Creatures (collateral kills)
  Grinder (D:6)
  Prince Ribbit (D:6)
  A wraith (D:10)
  A centaur (D:8)
  A gnoll sergeant (D:6)
  A wyvern skeleton (D:10)
  A jelly (D:10)
  3 orc priests
  An orc wizard (D:8)
  7 gnolls
  A shadow imp (D:8)
  4 orcs (D:10)
  A hobgoblin (D:6)
  A kobold (D:6)
25 creatures vanquished.

Grand Total: 245 creatures vanquished

Notes
Turn   | Place    | Note
--------------------------------------------------------------
     0 | D:1      | poirepourri, the Draconian Berserker, began the quest for the Orb.
     0 | D:1      | Reached XP level 1. HP: 19/19 MP: 1/1
   484 | D:1      | Reached XP level 2. HP: 24/26 MP: 2/2
   527 | D:1      | Acquired Trog's second power
   879 | D:2      | Reached XP level 3. HP: 23/33 MP: 3/3
  1003 | D:2      | Noticed Sigmund
  1015 | D:2      | Killed Sigmund
  1015 | D:2      | Reached skill level 4 in Fighting
  1015 | D:2      | Reached skill level 1 in Stealth
  1015 | D:2      | Reached XP level 4. HP: 40/40 MP: 4/4
  1197 | D:2      | Noticed Terence
  1211 | D:2      | Killed Terence
  1299 | D:2      | Reached XP level 5. HP: 40/46 MP: 5/5
  1577 | D:3      | Noticed an angel
  1578 | D:3      | Found a glowing silver altar of Zin.
  1727 | D:3      | Found a deep blue altar of Sif Muna.
  1730 | D:3      | Found a burning altar of Makhleb.
  1733 | D:3      | Found a snail-covered altar of Cheibriados.
  1922 | D:3      | Found a glowing golden altar of the Shining One.
  2024 | D:3      | Reached XP level 6. HP: 53/53 MP: 6/6
  2459 | D:4      | Found a glowing drain.
  2505 | Sewer    | Entered a sewer
  2766 | Sewer    | Reached skill level 5 in Fighting
  2766 | Sewer    | Reached skill level 5 in Dodging
  2844 | Sewer    | Your scales start taking on a weird mottled pattern.
  2844 | Sewer    | Reached XP level 7. HP: 29/61 MP: 7/7
  3321 | D:4      | Found Qaugeubo's Food Shop.
  3328 | D:4      | Bought a meat ration for 65 gold pieces
  3328 | D:4      | Bought a meat ration for 65 gold pieces
  3328 | D:4      | Bought a beef jerky for 19 gold pieces
  3328 | D:4      | Bought a slice of pizza for 19 gold pieces
  3581 | D:4      | Acquired Trog's third power
  4136 | D:4      | Reached skill level 6 in Dodging
  4280 | D:5      | Entered Level 5 of the Dungeon
  5227 | D:5      | Found a sacrificial altar of Ru.
  5463 | D:6      | Noticed Prince Ribbit
  5474 | D:6      | Killed Prince Ribbit
  5633 | D:6      | Found a basalt altar of Yredelemnul.
  5649 | D:6      | Found a sparkling altar of Nemelex Xobeh.
  5695 | D:6      | Found a staircase to the Ecumenical Temple.
  5701 | D:6      | Noticed Natasha
  5760 | D:6      | Killed Natasha
  5760 | D:6      | Reached XP level 8. HP: 45/70 MP: 8/8
  5773 | D:6      | Noticed Natasha
  5782 | D:6      | Killed Natasha
  5812 | D:6      | Noticed Grinder
  5833 | D:6      | Killed Grinder
  5833 | D:6      | Reached skill level 7 in Dodging
  5858 | D:6      | Noticed Natasha
  5870 | D:6      | Killed Natasha
  6112 | D:6      | Reached skill level 5 in Axes
  6617 | D:7      | Reached skill level 8 in Dodging
  6786 | D:7      | Found a sand-covered staircase.
  7133 | D:8      | Noticed Psyche
  7143 | D:8      | Killed Psyche
  7143 | D:8      | Reached XP level 9. HP: 68/79 MP: 9/9
  7504 | D:8      | Reached skill level 9 in Dodging
  7948 | D:9      | Received a gift from Trog
  8525 | D:10     | Entered Level 10 of the Dungeon
  8590 | D:10     | Slain by a troll

Action                   |  1- 3 |  4- 6 |  7- 9 || total
-------------------------+-------+-------+-------++-------
Melee: Hand axe          |    96 |   227 |   303 ||   626
       War axe           |       |       |   140 ||   140
       Demon trident     |       |       |    29 ||    29
Invok: Trog's Hand       |     1 |     5 |     6 ||    12
       Berserk           |     1 |     2 |     2 ||     5
       Brothers in Arms  |       |       |     5 ||     5
       Burn Spellbooks   |       |       |     4 ||     4
 Abil: Breathe Sticky Fl |       |       |     3 ||     3
  Use: Scroll            |     7 |     4 |    14 ||    25
       Potion            |     2 |     3 |     9 ||    14
 Stab: Sleeping          |       |     1 |     2 ||     3
  Eat: Bread ration      |       |     3 |     2 ||     5
       Beef jerky        |       |     1 |     1 ||     2
       Meat ration       |       |       |     2 ||     2
       Fruit             |       |       |     1 ||     1
